 Dungeon Crawl Stone Soup version 0.30-a0-509-gd016549fea (webtiles) character file.

Game seed: 3448688898367231277

2524 kae the Destroyer (level 9, -3/45 HPs)
             Began as a Tengu Fire Elementalist on Dec 22, 2022.
             Was a Priest of Vehumet.
             Killed by an exploding necrophage (36 damage)
             ... ignited by their inner flame
             ... on level 7 of the Dungeon.
             The game lasted 00:08:54 (8151 turns).

kae the Destroyer (Tengu Fire Elementalist)         Turns: 8151, Time: 00:08:54

Health: -3/45      AC:  5    Str:  8    XL:     9   Next: 54%
Magic:  7/18       EV: 18    Int: 21    God:    Vehumet [***...]
Gold:   231        SH:  0    Dex: 14    Spells: 5/18 levels left

rFire   . . .      SeeInvis .    k - +1 dagger (flame)
rCold   . . .      Faith    .    (no shield)
rNeg    . . .      Spirit   .    y - +0 steam dragon scales
rPois   +          Reflect  .    (helmet restricted)
rElec   .          Harm     .    (no cloak)
rCorr   .          Rampage  .    (no gloves)
Will    .....                    (boots unavailable)
Stlth   ++........               (no amulet)
HPRegen 0.27/turn                E - +4 ring of evasion
MPRegen 0.16/turn                P - ring of poison resistance

@: flying quickly and evasively, quick
A: beak, talons 3, nimble flight
a: Renounce Religion


You were on level 7 of the Dungeon.
You worshipped Vehumet.
Vehumet was most pleased with you.
You visited 1 branch of the dungeon, and saw 7 of its levels.
You also visited: Sewer.

You collected 441 gold pieces.
You spent 210 gold pieces at shops.


Innate Abilities, Weirdness & Mutations

You have a beak for a mouth.
You have claws for feet.
Your magical nature lets you fly swiftly and evasively.


   Skills:
 - Level 2.1 Dodging
 - Level 2.0 Stealth
 + Level 5.4 Spellcasting
 * Level 10.5 Conjurations
 * Level 9.3 Fire Magic


You had 5 spell levels left.
You knew the following spells:

 Your Spells              Type           Power      Damage    Failure   Level
a - Foxfire               Conj/Fire      100%       2x1d9     1%          1
b - Scorch                Fire           90%        2d9       1%          2
c - Inner Flame           Hex/Fire       25%        N/A       1%          3
d - Flame Wave            Conj/Fire      47%        2d12      1%          4
e - Kindle Blastsparks    Fire/Tloc/Air  36%        2d13      2%          3

Your spell library contained the following spells:

 Spells                   Type           Power      Damage    Failure   Level
 Stone Arrow              Conj/Erth      54%        3d10      1%          3
 Gell's Gravitas          Tloc           5%         N/A       30%         3
 Lesser Beckoning         Tloc           10%        N/A       30%         3
 Teleport Other           Tloc           5%         N/A       30%         3
 Animate Dead             Necr           5%         N/A       71%         4
 Haunt                    Necr/Summ      2%         N/A       100%        7
 Infestation              Necr           2%         N/A       100%        8

Inventory:

Hand Weapons
 k - a +1 dagger of flaming (weapon)
   (You took it off a goblin on level 2 of the Dungeon)
Missiles
 d - 30 stones
 g - 2 javelins
 l - 12 boomerangs
 s - a throwing net {=f!f}
 z - 2 poisoned darts
Armour
 a - a +0 robe
 r - a +1 troll leather armour {Pargi}
   (You found it in a sewer)
 y - +0 steam dragon scales (worn)
   (You found it on level 6 of the Dungeon)
Jewellery
 E - a +4 ring of evasion (left hand)
   (You found it on level 1 of the Dungeon)
 L - a ring of flight
   (You found it on level 2 of the Dungeon)
 P - a ring of poison resistance (right hand)
   (You found it on level 4 of the Dungeon)
Wands
 w - a wand of iceblast (6)
   (You found it on level 5 of the Dungeon)
Scrolls
 f - 5 scrolls of teleportation {@r4}
 j - 3 scrolls of enchant weapon
 q - 2 scrolls of fog
 x - 3 scrolls of identify {@r1}
Potions
 b - 2 potions of magic
 c - 2 potions of haste {@q3}
 e - 2 potions of berserk rage {!q}
 h - 6 potions of brilliance
 i - a potion of mutation {unknown}
 m - 4 potions of attraction {unknown}
 n - 2 potions of resistance
 o - 7 potions of heal wounds {@q2}
 p - 2 potions of degeneration {unknown}
 t - 2 potions of curing {@q1}
 u - a potion of ambrosia
 v - a potion of flight
 A - a potion of lignification {unknown}

Dungeon Overview and Level Annotations

Branches:
Dungeon (7/15) Zot: 26257  Temple (0/1) D:7           Sewer (visited)

Altars:
Ashenzari
Dithmenos
Elyvilon
Makhleb
Nemelex Xobeh
Okawaru
Sif Muna
Trog
Uskayaw
Vehumet
Xom
Yredelemnul
Zin
The Shining One

Shops:
D:4 !

Annotations:
D:4 1 transporter, exclusion: ogre, spirosbanana's ghost, novice MiBe
D:5 Sigmund

#..5..# #.....♣# #♣.. .. #'
##.##.#####.#.♣ ♣.. ... ..
5. #....)...#.♣# #♣..
#.##....#########.....♣♣♣..#
..#... +...................
. )... #########.....##.###
..⌠ #.## #.....##....
.....#..#########
#.....####.#
>....)....Y§○@..###.....#
#.#
...5.########........##.#
#.# ..⌠ #........##.# #.# .
#.......###.# #.#
####........# #.#
#######.....## #.#
#........#..# #.#
#........#..#####..
#...............###


You could see an ice beast.


Message History

Confirm with . or Enter, or press ? or * to list all spells.
You conjure some foxfire!
The foxfire hits the black bear. x2
The black bear goes berserk!
Casting: Foxfire (safe; 1% risk of failure)
Confirm with . or Enter, or press ? or * to list all spells.
Flames lash the black bear.
You kill the black bear!
Vehumet accepts your kill. 😎 MP[-2]
You lost 2 mp, and now have 14/18 mp.
Casting: Scorch (safe; 1% risk of failure)
Confirm with . or Enter, or press ? or * to list all spells.
You can't see any susceptible monsters within range! (Use Z to cast anyway.)
Casting: Scorch (safe; 1% risk of failure)
Confirm with . or Enter, or press ? or * to list all spells.
You can't see any susceptible monsters within range! (Use Z to cast anyway.)
You start resting. 😎 MP[+1]
You see here a black bear corpse.
Found a staircase to the Ecumenical Temple. 😎 MP[+1]
An orc wizard comes into view. It is wielding a +0 dagger.
An orc wizard is nearby!
An orc wizard is nearby!
An orc wizard is nearby!
Casting: Scorch (safe; 1% risk of failure)
Confirm with . or Enter, or press ? or * to list all spells.
You conjure some foxfire!
A necrophage comes into view.
An ice beast comes into view.
A lemure comes into view.
Casting: Foxfire (safe; 1% risk of failure)
Confirm with . or Enter, or press ? or * to list all spells.
You conjure some foxfire!
The foxfire hits the lemure.
The foxfire hits the orc wizard but does no damage.
The foxfire hits the orc wizard! 😎 MP[-1]
You lost 1 mp, and now have 15/18 mp.
Casting: Foxfire (safe; 1% risk of failure)
Confirm with . or Enter, or press ? or * to list all spells.
You conjure some foxfire!
The foxfire hits the orc wizard. x2
You kill the orc wizard!
Vehumet accepts your kill. 😎 MP[-1]
You lost 1 mp, and now have 14/18 mp. 😎 MP[+1]
The orc priest shouts!
You hear a shout!
The orc priest mumbles some strange prayers to Beogh against you.
Beogh smites you! 😮 HP[-14]
You take 14 damage, and now have 31/45 hp.
MASSIVE DAMAGE!! (PAUSE) 😮 HP[+1]
You see here a black bear corpse.
Casting: Foxfire (safe; 1% risk of failure)
Confirm with . or Enter, or press ? or * to list all spells.
Casting: Flame Wave (safe; 1% risk of failure)
Press: ? - help, Dir - look around, f - activate
Okay, then.
Casting: Flame Wave (safe; 1% risk of failure)
Confirm with . or Enter, or press ? or * to list all spells.
Aiming: Inner Flame (safe; 1% risk of failure)
Press: ? - help, Dir - move target, f - necrophage
Aim: a necrophage (chance to affect: 66%)
The necrophage is filled with an inner flame. 😮 MP[-3]
You lost 3 mp, and now have 12/18 mp.
Casting: Inner Flame (safe; 1% risk of failure)
Confirm with . or Enter, or press ? or * to list all spells.
Flames lash the lemure.
The lemure's fire resistance burns away.
The lemure hits you. 😮 MP[-1]
You lost 1 mp, and now have 11/18 mp.
Casting: Scorch (safe; 1% risk of failure)
Confirm with . or Enter, or press ? or * to list all spells.
Casting: Flame Wave (safe; 1% risk of failure)
Press: ? - help, Dir - look around, f - activate A wave of flame ripples out!
The flame wave engulfs the lemure!!
The lemure is burned terribly!
You kill the lemure!
That felt strangely unrewarding. (Press . to intensify the flame waves.)
Something shouts, "Crawl home, thou unhinged pigeon-toed minnow reeky!" 😮 MP[-4]
You lost 4 mp, and now have 7/18 mp.
A wave of flame ripples out!
The flame wave engulfs the necrophage!
Flame seeps out of the necrophage.
The flame wave engulfs the orc priest!
You kill the orc priest!
Vehumet accepts your kill.
You feel your power returning.
You hear a shout!
The necrophage is engulfed in blazing flames.
Vehumet accepts your kill.
The necrophage explodes!
The fiery explosion engulfs you!!!
Ouch! That really hurt!
You die...

Skill      XL: |  1  2  3  4  5  6  7  8  9 |
---------------+----------------------------+-----
Conjurations   | 2 3 4 5 7 9 10 | 10.5
Fire Magic     | 4 5 7 8 9 |  9.3
Spellcasting   | 3 4 5 |  5.4
Dodging        | |  2.1
Stealth        | |  2.0

Action                   |  1- 3 |  4- 6 |  7- 9 || total
-------------------------+-------+-------+-------++-------
Melee: Kick              |     2 |       |       ||     2
       Unarmed           |     1 |       |       ||     1
       Dagger            |     2 |       |       ||     2
       Peck              |     1 |       |       ||     1
 Cast: Foxfire           |    68 |    65 |   118 ||   251
       Scorch            |     7 |    18 |    72 ||    97
       Inner Flame       |       |     1 |     4 ||     5
       Flame Wave        |       |       |     2 ||     2
  Use: Scroll            |       |     7 |     6 ||    13
Armor: Robe              |     2 |     2 |       ||     4
       Troll leather arm |       |       |    12 ||    12
       Steam dragon scal |       |       |     3 ||     3
Dodge: Dodged            |    11 |    22 |    76 ||   109

Levels and vault maps discovered:
D:1:      lordsloth_arrival_two_stooges, layout_loops_cross
D:2:      layout_basic, basic_altar, grunt_ministairs_15, supply_closet_lemuel,
          minmay_misc_feat_room
D:3:      layout_loops_ring, overflow_temple_1_default, serial_bayou_pond_c
D:4:      layout_basic, mainiacjoe_overflow_surrounded_room, serial_shops,
          nicolae_shop_behind_doors, portal_sewer_entry_b, gammafunk_ghost_smash
D:5:      layout_gridville, dreamdust_divine_triumvirate,
          nicolae_vehumet_radiance, kennysheep_orc_sif_temple, uniq_sigmund
D:6:      layout_basic, xom_confusion_cloud,
          nicolae_overflow_hallway_of_the_gods
D:7:      layout_basic, minmay_temple_entry_large_hall,
          minmay_stone_trees_small, uniq_pikel

Notes
Turn   | Place    | Note
-------+----------+-------------------------------------------
     0 | D:1      | kae the Tengu Fire Elementalist began the quest for the
                  | Orb.
     0 | D:1      | Reached XP level 1. HP: 10/10 MP: 4/4
     0 | D:1      | magus.rc [v1.11.3]
   296 | D:1      | Reached skill level 2 in Conjurations
   296 | D:1      | Reached XP level 2. HP: 15/15 MP: 3/6
   301 | D:1      | Learned a level 2 spell: Scorch
   774 | D:1      | Reached XP level 3. HP: 19/19 MP: 4/7
   778 | D:1      | Learned a level 3 spell: Inner Flame
  1039 | D:2      | Reached skill level 4 in Fire Magic
  1381 | D:2      | Reached skill level 3 in Conjurations
  1390 | D:2      | Found a radiant altar of Vehumet.
  1451 | D:2      | Became a worshipper of Vehumet
  1464 | D:2      | You pick up a book of Displacement and begin reading...
  1464 | D:2      | You add the spells Lesser Beckoning, Gell's Gravitas and
                  | Teleport Other to your library.
  2079 | D:2      | Reached XP level 4. HP: 24/24 MP: 4/8
  2230 | D:3      | Found a hide-covered altar of Uskayaw.
  2383 | D:3      | Reached skill level 4 in Conjurations
  2383 | D:3      | Gained mutation: Your magical nature lets you fly swiftly
                  | and evasively. [Tengu growth]
  2383 | D:3      | Reached XP level 5. HP: 20/28 MP: 0/10
  2974 | D:3      | Reached skill level 3 in Spellcasting
  2974 | D:3      | Reached skill level 5 in Fire Magic
  3314 | D:4      | Reached skill level 5 in Conjurations
  3314 | D:4      | Reached XP level 6. HP: 32/32 MP: 2/11
  3634 | D:4      | Found a shadowy altar of Dithmenos.
  3739 | D:4      | Reached * piety under Vehumet
  3739 | D:4      | Offered knowledge of Freeze by Vehumet.
  3822 | D:4      | Found a glowing drain.
  3831 | Sewer    | Entered a sewer
  3922 | Sewer    | Noticed Pargi
  3929 | Sewer    | Killed Pargi
  3930 | Sewer    | Reached XP level 7. HP: 36/36 MP: 5/13
  4105 | D:3      | Reached skill level 6 in Conjurations
  4105 | D:3      | Reached skill level 6 in Fire Magic
  4344 | D:4      | Found Epyab's Distillery.
  4355 | D:4      | Bought a potion of curing for 30 gold pieces
  4355 | D:4      | Bought 2 potions of heal wounds for 100 gold pieces
  4355 | D:4      | Bought a potion of ambrosia for 80 gold pieces
  4380 | D:4      | Found a transporter.
  4383 | D:4      | Noticed spirosbanana's ghost (novice MiBe)
  4383 | D:4      | Identified the +4 great mace "Qenyho" {vorpal, rN++}
  4747 | D:5      | Entered Level 5 of the Dungeon
  4837 | D:5      | Noticed Sigmund
  4898 | D:5      | Reached ** piety under Vehumet
  4902 | D:5      | Offered knowledge of Momentum Strike by Vehumet.
  4949 | D:5      | Found a radiant altar of Vehumet.
  5407 | D:5      | Found a white marble altar of Elyvilon.
  5407 | D:5      | Found a glowing golden altar of the Shining One.
  5410 | D:5      | Found a glowing silver altar of Zin.
  5513 | D:5      | Found a shimmering blue altar of Sif Muna.
  5542 | D:5      | Reached skill level 7 in Conjurations
  5615 | D:5      | You pick up a book of Death and begin reading...
  5615 | D:5      | You add the spells Animate Dead, Haunt and Infestation to
                  | your library.
  5751 | D:6      | HP: 4/36 [ogre/+0 giant spiked club (32)]
  5824 | D:5      | Reached skill level 4 in Spellcasting
  5824 | D:5      | Reached skill level 7 in Fire Magic
  5824 | D:5      | Reached XP level 8. HP: 41/41 MP: 7/15
  5860 | D:5      | Learned a level 4 spell: Flame Wave
  5864 | D:5      | Learned a level 3 spell: Kindle Blastsparks
  6021 | D:6      | Reached skill level 8 in Conjurations
  6208 | D:6      | Noticed a wraith
  6416 | D:5      | Killed a wraith
  6539 | D:6      | Found a broken altar of Ashenzari.
  6544 | D:6      | Reached skill level 8 in Fire Magic
  6579 | D:6      | Found a bloodstained altar of Trog.
  6584 | D:6      | Found an iron altar of Okawaru.
  6588 | D:6      | Found a burning altar of Makhleb.
  6632 | D:6      | Found a sparkling altar of Nemelex Xobeh.
  6637 | D:6      | Found a basalt altar of Yredelemnul.
  6719 | D:6      | Reached skill level 9 in Conjurations
  6776 | D:6      | Reached XP level 9. HP: 45/45 MP: 14/17
  6797 | D:6      | Found a shimmering altar of Xom.
  6844 | D:6      | Offered knowledge of Stone Arrow by Vehumet.
  7047 | D:6      | Reached skill level 5 in Spellcasting
  7683 | D:7      | Reached skill level 10 in Conjurations
  7683 | D:7      | Reached skill level 9 in Fire Magic
  7840 | D:7      | Reached *** piety under Vehumet
  8128 | D:7      | Found a staircase to the Ecumenical Temple.
  8151 | D:7      | Killed by an exploding necrophage... ignited by their inner
                  | flame

Vanquished Creatures
  2 wraiths
  A steam dragon (D:6)
  2 water moccasins (D:7)
  Pargi (Sewer)
  An ice beast (D:6)
  3 black bears
  A centaur (D:6)
  An ogre (D:5)
  3 lemures (D:7)
  A kobold brigand (D:7)
  A phantom (D:6)
  A bullfrog (D:7)
  4 necrophages
  A howler monkey (D:6)
  6 orc priests
  4 hounds
  A jelly (D:4)
  3 orc wizards
  3 iguanas
  10 gnolls
  6 adders
  2 river rats (D:4)
  2 shadow imps (D:7)
  3 white imps
  An ufetubus (D:4)
  3 worms
  A dart slug (D:3)
  28 orcs
  6 endoplasms
  8 giant cockroaches
  7 goblins
  6 hobgoblins
  3 jackals (Sewer)
  11 kobolds
  4 quokkas
  6 ball pythons
  5 bats
  A frilled lizard (D:2)
  7 rats
160 creatures vanquished.

Vanquished Creatures (others)
  A yak (D:6)
  A hound (D:6)
  An adder (D:6)
  425 foxfires
428 creatures vanquished.

Grand Total: 588 creatures vanquished

Table legend:
 A = Non-vault XP
 B = Vault XP
 C = Vault XP percentage of total XP
 D = Non-vault monster count
 E = Vault monster count
 F = Vault count percentage of total count
                 A         B        C        D         E       F
            +---------+---------+-------+---------+---------+-------
      Total |    3366 |     361 |   9.7 |     139 |      20 |  12.6
            +---------+---------+-------+---------+---------+-------
        D:1 |      34 |       0 |   0.0 |      20 |       0 |   0.0
        D:2 |      89 |       3 |   3.3 |      18 |       2 |  10.0
        D:3 |     203 |       0 |   0.0 |      19 |       0 |   0.0
        D:4 |     320 |      39 |  10.9 |      22 |       7 |  24.1
        D:5 |     638 |      38 |   5.6 |      18 |       2 |  10.0
        D:6 |     891 |     143 |  13.8 |      20 |       5 |  20.0
        D:7 |    1191 |       0 |   0.0 |      22 |       0 |   0.0
      Sewer |       0 |     138 | 100.0 |       0 |       4 | 100.0
            +---------+---------+-------+---------+---------+-------

Illustrated notes

Table legend:
 A = Kills in this place as a percentage of kills in entire the game.
 B = Kills by you in this place as a percentage of kills by you in the entire game.
 C = Kills by friends in this place as a percentage of kills by friends in the entire game.
 D = Other kills in this place as a percentage of other kills in the entire game.
 E = Experience gained in this place as a percentage of experience gained in the entire game.
 F = Experience gained in this place divided by the number of levels of this place that you have seen.
                   A       B       C       D       E      F
               +-------+-------+-------+-------+-------+----------------------
         Total | 100.0 | 100.0 |   N/A | 100.0 | 100.0 | 465.9
       Dungeon |  97.5 |  97.5 |   N/A | 100.0 |  96.3 | 512.7
         Sewer |   2.5 |   2.5 |   N/A |   0.0 |   3.7 | 138.0
               +-------+-------+-------+-------+-------+----------------------

Table legend: (Time is in decaauts)
 A = Elapsed time spent in this place.
 B = Non-inter-level travel time spent in this place.
 C = Inter-level travel time spent in this place.
 D = Time resting spent in this place.
 E = Time spent auto-exploring this place.
 F = Levels seen in this place.
 G = Mean time per level.
                   A        B        C        D        E       F      G
               +--------+--------+--------+--------+--------+-----+--------+
         Total |   7840 |   7583 |    257 |    751 |   5499 |   8 |  980.0 |
       Dungeon |   7652 |   7395 |    257 |    751 |   5366 |   7 | 1093.1 |
         Sewer |    188 |    188 |      0 |      0 |    133 |   1 |  188.0 |
               +--------+--------+--------+--------+--------+-----+--------+

Top non-repeatable levels by time:
     D:2: 1476 daAuts
     D:5: 1425 daAuts
     D:4: 1118 daAuts
     D:6: 1059 daAuts
     D:3: 1008 daAuts
     D:1: 822 daAuts
     D:7: 741 daAuts
   Sewer: 188 daAuts
